 Dungeon Crawl Stone Soup version 0.21-a0-442-g848f44b (webtiles) character file.

907 Gildeon the Cleaver (level 7, 0/51 HPs)
             Began as a Minotaur Fighter on Nov 16, 2017.
             Slain by a rime drake (2 damage)
             ... in a sewer.
             The game lasted 00:29:59 (4395 turns).

Gildeon the Cleaver (Minotaur Fighter)              Turns: 4395, Time: 00:30:02

Health: 0/51       AC: 11    Str: 21    XL:     7   Next: 81%
Magic:  6/6        EV:  7    Int:  6    God:    Xom [*.....]
Gold:   294        SH:  9    Dex: 10    Spells: 6/6 levels left

rFire    + . .     SeeInvis .   a - +1 war axe
rCold    . . .     Gourm    .   c - +0 shield
rNeg     + . .     Faith    +   o - +1 chain mail
rPois    .         Spirit   .   x - +2 hat
rElec    .         Reflect  .   (no cloak)
rCorr    .         Harm     .   p - +1 pair of gloves
MR       +....                  r - +0 pair of boots
Stlth    ..........             u - amulet of faith
HPRegen  0.17/turn              y - ring of protection from magic
MPRegen  0.10/turn              e - ring of positive energy

@: frozen, very slow
A: retaliatory headbutt, horns 2, repulsion field 1, deformed body, fire
resistance 1, frail 1, screaming 1
a: Renounce Religion


You were in a sewer.
You worshipped Xom.
You were a special plaything of Xom.
You were not hungry.

You visited 1 branch of the dungeon, and saw 5 of its levels.
You also visited: Sewer.

You collected 294 gold pieces.

Inventory:

Hand Weapons
 a - a +1 war axe (weapon)
Missiles
 l - 4 tomahawks (quivered)
Armour
 c - a +0 shield (worn)
 d - a +1 scale mail of poison resistance
 m - a +0 ring mail
 o - a +1 chain mail (worn)
 p - a +1 pair of gloves (worn)
 r - a +0 pair of boots (worn)
 x - a +2 hat (worn)
Jewellery
 e - a ring of positive energy (right hand)
 u - an amulet of faith (around neck)
 y - a ring of protection from magic (left hand)
Scrolls
 h - a scroll of blinking
 k - 4 scrolls of teleportation
 s - 2 scrolls of remove curse
Potions
 j - a potion of flight
 t - a potion of curing
 w - a potion of cancellation
Comestibles
 b - 18 chunks of flesh
 f - 5 bread rations
 q - 5 meat rations
 v - 3 royal jellies


   Skills:
 - Level 3.6 Fighting
 + Level 10.8 Axes
 - Level 3.6 Armour
 - Level 3.6 Shields


You had 6 spell levels left.
You didn't know any spells.

Dungeon Overview and Level Annotations

Branches:
Dungeon (5/15)             Temple (0/1) D:5

Altars:
Cheibriados
Dithmenos
Gozag
Makhleb
Okawaru
Qazlal
Xom


Innate Abilities, Weirdness & Mutations

You reflexively headbutt those who attack you in melee.
You have a pair of horns on your head.
You are surrounded by a mild repulsion field. (EV +2)
Armour fits poorly on your strangely shaped body.
Your flesh is heat resistant. (rF+)
You are frail. (-10% HP)
You occasionally shout uncontrollably at your foes.


Message History

The rime drake bites you but does no damage.
The rime drake bites you. You block the worm's attack.
Your unstable footing causes you to fumble your attack.
The rime drake barely misses you.
You barely miss the rime drake.
The rime drake is moderately wounded.
You hit the worm. The rime drake barely misses you.
The worm bites you but does no damage.
Your unstable footing causes you to fumble your attack.
The rime drake bites you.
* * * LOW HITPOINT WARNING * * *
The worm bites you but does no damage.
You feel better. The rime drake breathes ice at you. The flash freeze hits you!
* * * LOW HITPOINT WARNING * * *
You are encased in ice.
The rime drake bites you.
You die...
Xom cackles wildly!

#####
#.#.#
#≈#≈#
#b#≈#
#k#b# ≈
#@w.#
≈≈
##b##
≈# #.#
≈#
#(###≈#
#b≈≈≈≈#
##≈.≈##
#.b≈#
#.≈.# ≈
##≈≈.#


You could see a rime drake and a worm.

Vanquished Creatures
  The ghost of Autsider the Skirmisher, an amateur HOFi (D:3)
  A gnoll sergeant (D:5)
  A howler monkey (D:5)
  A bullfrog zombie (D:5)
  2 hounds (D:4)
  2 orc wizards (D:4)
  An orc priest (D:4)
  A bullfrog skeleton (D:4)
  An iguana (D:5)
  Terence (D:3)
  2 worker ants (D:4)
  A hound skeleton (D:4)
  Robin (D:4)
  17 gnolls
  5 adders
  A shadow imp (D:5)
  2 oozes
  4 worms
  4 dart slugs
  5 leopard geckos
  6 orcs
  2 giant cockroaches
  20 goblins
  19 hobgoblins
  10 jackals
  A quokka (D:4)
  A ball python skeleton (D:5)
  11 bats
  3 frilled lizards
  18 kobolds
  2 quokka skeletons
  12 rats
159 creatures vanquished.

Notes
Turn   | Place    | Note
-------+----------+-------------------------------------------
     0 | D:1      | Gildeon the Minotaur Fighter began the quest for the Orb.
     0 | D:1      | Reached XP level 1. HP: 19/19 MP: 0/0
    44 | D:1      | Reached skill level 3 in Axes
   231 | D:1      | Reached XP level 2. HP: 26/26 MP: 1/1
   794 | D:1      | Reached skill level 4 in Axes
   923 | D:2      | Reached XP level 3. HP: 18/31 MP: 2/2
  1322 | D:2      | Reached skill level 5 in Axes
  1630 | D:2      | Reached XP level 4. HP: 38/39 MP: 3/3
  1739 | D:3      | Reached skill level 6 in Axes
  1959 | D:3      | Found a shimmering altar of Xom.
  1975 | D:3      | Became a worshipper of Xom the Random
  2030 | D:3      | Noticed Terence
  2032 | D:3      | XOM: potion effect (brilliance)
  2033 | D:3      | Noticed Autsider's ghost (amateur HOFi)
  2035 | D:3      | Reached XP level 5. HP: 45/45 MP: 4/4
  2043 | D:3      | Killed Terence
  2050 | D:3      | Killed Autsider's ghost
  2050 | D:3      | Reached skill level 7 in Axes
  2269 | D:3      | XOM: cloud trail
  2338 | D:3      | Reached XP level 6. HP: 51/51 MP: 5/5
  2343 | D:3      | XOM: summons 1 hostile demon
  2379 | D:3      | XOM: 1-stop teleportation journey
  2428 | D:3      | XOM: mild Conj miscast
  2471 | D:3      | Found an iron altar of Okawaru.
  2546 | D:3      | Found a burning altar of Makhleb.
  2550 | D:3      | Found a snail-covered altar of Cheibriados.
  2555 | D:3      | Found an opulent altar of Gozag.
  2642 | D:4      | Reached skill level 8 in Axes
  2992 | D:4      | Reached skill level 9 in Axes
  3031 | D:4      | Noticed Robin
  3034 | D:4      | XOM: repel stairs
  3042 | D:4      | Killed Robin
  3042 | D:4      | Reached XP level 7. HP: 53/57 MP: 6/6
  3130 | D:4      | XOM: polymorph hobgoblin -> bat
  3158 | D:4      | XOM: harmless Tloc miscast
  3257 | D:4      | XOM: summons 3 hostile demons
  3323 | D:4      | XOM: harmless Air miscast
  3510 | D:4      | Found a stormy altar of Qazlal.
  3609 | D:4      | XOM: give mutation
  3609 | D:4      | Gained mutation: You are frail. (-10% HP) [Xom's mischief]
  3766 | D:4      | XOM: give mutations
  3766 | D:4      | Gained mutation: You are surrounded by a mild repulsion field. (EV +2) [Xom's mischief]
  3766 | D:4      | Gained mutation: Your magical capacity is low. (-10% MP) [Xom's mischief]
  3766 | D:4      | Lost mutation: Your magical capacity is low. (-10% MP) [Xom's mischief]
  3766 | D:4      | Gained mutation: You occasionally shout uncontrollably at your foes. [Xom's mischief]
  3843 | D:5      | Entered Level 5 of the Dungeon
  3852 | D:5      | XOM: enchant monster (bad)
  3870 | D:4      | Reached skill level 10 in Axes
  4261 | D:5      | XOM: give mutations
  4261 | D:5      | Gained mutation: Your flesh is heat resistant. (rF+) [Xom's mischief]
  4261 | D:5      | Gained mutation: Armour fits poorly on your strangely shaped body. [Xom's mischief]
  4285 | D:5      | Found a shadowy altar of Dithmenos.
  4285 | D:5      | XOM: 3-stop teleportation journey
  4328 | D:5      | Found a staircase to the Ecumenical Temple.
  4334 | D:5      | Found a glowing drain.
  4360 | Sewer    | Entered a sewer
  4381 | Sewer    | Noticed a rime drake
  4381 | Sewer    | a big kobold changed into a rime drake
  4381 | Sewer    | XOM: polymorph big kobold -> rime drake
  4387 | Sewer    | XOM: butterfly on damage
  4395 | Sewer    | HP: 2/51 [rime drake/flash freeze (18)]
  4395 | Sewer    | Slain by a rime drake

Vault maps used:
D:1:      dpeg_arrival_shelter, st_stairs_7, grunt_decor_arrowhead,
          dk_noncrumbling_3
D:2:      cheibrodos_helix_gallery, minmay_stone_trees_small, minmay_octomino_c4
D:3:      lemuel_crystal_altar, lemuel_doored_altar,
          minmay_overflow_temple_star_quad, uniq_terence
D:4:      corexii_shantytown, grunt_qazlal_clouds, corexii_checkpoint_a,
          minmay_misc_feat_x, serial_bayou_lake_a, uniq_robin
D:5:      nicolae_dithmenos_through_a_glass_darkly, bloody_trog,
          minmay_temple_entry_butterflies, cheibrodos_sewer_entry_drain,
          first_bread, serial_bayou_pond_b
Sewer:    sewer_co_tree

Skill      XL: |  1  2  3  4  5  6  7 |
---------------+----------------------+-----
Axes           | 3 4 5 6 7 9 10 | 10.8
Fighting       | |  3.6
Armour         | |  3.6
Shields        | |  3.6

Action                   |  1- 3 |  4- 6 |  7- 9 || total
-------------------------+-------+-------+-------++-------
Melee: War axe           |    93 |   149 |   113 ||   355
       Headbutt          |    13 |    31 |    20 ||    64
Throw: Tomahawk          |    10 |     9 |     2 ||    21
  Use: Scroll            |     4 |    11 |     2 ||    17
       Potion            |       |     4 |     3 ||     7
  Eat: Chunk             |     2 |     5 |     5 ||    12
Armor: Scale mail        |    48 |       |       ||    48
       Chain mail        |    13 |    66 |    62 ||   141
Dodge: Dodged            |    46 |    34 |    40 ||   120
Block: Shield            |    63 |    78 |    66 ||   207

Table legend:
 A = Spawn XP
 B = Non-spawn XP
 C = Spawn XP percentage of total XP
 D = Spawn monster count
 E = Non-spawn monster count
 F = Spawn count percentage of total count
 G = Total turns spent on level
                    A         B        C        D         E        F      G
               +---------+---------+-------+---------+---------+-------+---------
         Total |       0 |    1296 |   0.0 |       0 |     159 |   0.0 |  4395
               +---------+---------+-------+---------+---------+-------+---------
           D:1 |       0 |      28 |   0.0 |       0 |      14 |   0.0 |   840
           D:2 |       0 |      74 |   0.0 |       0 |      37 |   0.0 |   863
           D:3 |       0 |     292 |   0.0 |       0 |      27 |   0.0 |   891
           D:4 |       0 |     582 |   0.0 |       0 |      63 |   0.0 |  1438
           D:5 |       0 |     320 |   0.0 |       0 |      18 |   0.0 |   328
               +---------+---------+-------+---------+---------+-------+---------
